 Dungeon Crawl Stone Soup version 0.30-a0-322-g102857c98e (webtiles) character file.

Game seed: 9981764427269135139

182 vineage the Covered (level 5, -4/33 HPs)
             Began as a Gargoyle Fighter on Oct 27, 2022.
             Slain by Terence
             ... wielding a +0 flail
              (17 damage)
             ... on level 3 of the Dungeon.
             The game lasted 00:02:46 (1836 turns).

vineage the Covered (Gargoyle Fighter)              Turns: 1836, Time: 00:02:47

Health: -4/33      AC: 15    Str: 22    XL:     5   Next: 62%
Magic:  5/5        EV:  9    Int:  8    God:
Gold:   143        SH:  4    Dex:  9    Spells: 4/4 levels left

rFire   . . .      SeeInvis .    a - +0 flail
rCold   . . .      Faith    .    c - +0 buckler
rNeg    + . .      Spirit   .    b - +0 scale mail
rPois   ∞          Reflect  .    (no helmet)
rElec   +          Harm     .    (no cloak)
rCorr   .          Rampage  .    (no gloves)
Will    .....                    (no boots)
Stlth   ..........               (no amulet)
HPRegen 0.25/turn                k - +4 ring of protection
MPRegen 0.09/turn                (no ring)

@: no status effects
A: sickness immunity, AC +4, negative energy resistance 1, electricity
resistance, torment resistance 1, petrification resistance
a: no special abilities


You were on level 3 of the Dungeon.
You visited 1 branch of the dungeon, and saw 3 of its levels.

You collected 143 gold pieces.

Inventory:

Hand Weapons
 a - a +0 flail (weapon)
Armour
 b - a +0 scale mail (worn)
 c - a +0 buckler (worn)
Jewellery
 k - a +4 ring of protection (left hand)
Scrolls
 g - a scroll of enchant weapon {unknown}
 j - 4 scrolls of identify
 l - a scroll of fear {unknown}
Potions
 d - a potion of might
 e - 5 potions of curing
 f - 2 potions of attraction {unknown}
 h - a potion of flight {unknown}
 i - a potion of degeneration {unknown}


   Skills:
 + Level 4.2 Fighting
 * Level 3.8 Maces & Flails
 + Level 4.2 Armour
 + Level 4.1 Shields


You had 4 spell levels left.
You didn't know any spells.
Your spell library contained the following spells:

 Spells                   Type           Power      Damage    Failure   Level
 Necrotise                Necr           0%         1d4       82%         1
 Dazzling Flash           Conj/Hex       0%         N/A       99%         3
 Vampiric Draining        Necr           0%         2d6       99%         3
 Iskenderun's Mystic Bla  Conj/Tloc      0%         2d3       100%        4
 Agony                    Necr           0%         N/A       100%        5
 Starburst                Conj/Fire      0%         6d3       100%        6
 Chain Lightning          Conj/Air       0%         N/A       100%        9
 Fire Storm               Conj/Fire      0%         5d1       100%        9
 Shatter                  Erth           0%         3d5*      100%        9


Dungeon Overview and Level Annotations

Branches:
Dungeon (3/15)

Altars:

Annotations:
D:3 2 transporters, Terence


Innate Abilities, Weirdness & Mutations

You are immune to sickness and miasma.
Your stone body is resilient. (AC +4)
You are immune to poison.
You resist negative energy. (rN+)
You are resistant to electric shocks. (rElec)
You are resistant to unholy torment.
You are immune to petrification.


Message History

Terence is lightly wounded.
Terence completely misses you. You block Terence's attack.
You closely miss Terence.
Terence is lightly wounded.
Terence hits you but does no damage. You block Terence's attack.
You hit Terence but do no damage.
Terence is lightly wounded.
Terence hits you with a +0 flail. Terence completely misses you.
You hit Terence.
Terence is moderately wounded.
Terence hits you with a +0 flail! Terence closely misses you.
You hit Terence but do no damage.
Terence is moderately wounded.
Terence hits you but does no damage.
You closely miss Terence.
Terence is moderately wounded.
Terence hits you with a +0 flail! You block Terence's attack.
You are too injured to fight recklessly!
You are too injured to fight recklessly!
You are too injured to fight recklessly!
You are too injured to fight recklessly!
You are too injured to fight recklessly!
You are too injured to fight recklessly!
You are too injured to fight recklessly!
You are too injured to fight recklessly!
You are too injured to fight recklessly!
You are too injured to fight recklessly!
You are too injured to fight recklessly!
You are too injured to fight recklessly!
You are too injured to fight recklessly!
You are too injured to fight recklessly!
You are too injured to fight recklessly!
You hit Terence but do no damage.
Terence is moderately wounded.
Terence hits you with a +0 flail.
* * * LOW HITPOINT WARNING * * *
Terence closely misses you.
You feel better. Terence closely misses you. Terence hits you with a +0 flail!
Ouch! That really hurt!
You die...

. #.# ##..### # #.#
#...... #. #.#
#...### #.###
#.###...## ...#
#........#
#.#####.#.....##
#.............#
#.###.#####...#.#.#
#..@@.# ##....#.#
####### ##.###.#
#... .# #####


You could see Terence (berserk).

Vanquished Creatures
  Jessica (D:2)
  Natasha (thrice) (D:2)
  An adder (D:2)
  A gnoll (D:1)
  2 worms
  A dart slug (D:2)
  8 endoplasms
  2 giant cockroaches
  7 goblins
  4 hobgoblins
  4 kobolds
  3 quokkas
  2 ball pythons
  3 bats
  7 frilled lizards
  9 rats
58 creatures vanquished.

Notes
Turn   | Place    | Note
-------+----------+-------------------------------------------
     0 | D:1      | vineage the Gargoyle Fighter began the quest for the Orb.
     0 | D:1      | Reached XP level 1. HP: 14/14 MP: 1/1
     0 | D:1      | Noticed an octopode
     0 | D:1      | Noticed a gargoyle
     1 | D:1      | Noticed a demonspawn
     3 | D:1      | Noticed a barachi
     3 | D:1      | Noticed a human
     7 | D:1      | Noticed a minotaur
     8 | D:1      | Noticed a spriggan
    11 | D:1      | Noticed a felid
    13 | D:1      | Noticed a naga
    13 | D:1      | Noticed a formicid
    15 | D:1      | Noticed an elf
    15 | D:1      | Noticed a ghoul
    17 | D:1      | Noticed a demonspawn
    17 | D:1      | Noticed a formicid
    21 | D:1      | Noticed a human
    42 | D:1      | Reached XP level 2. HP: 13/19 MP: 2/2
   153 | D:1      | Found a faded altar of an unknown god.
   328 | D:1      | Reached XP level 3. HP: 22/23 MP: 3/3
  1021 | D:2      | Noticed Jessica
  1060 | D:2      | Reached XP level 4. HP: 18/29 MP: 4/4
  1061 | D:2      | Killed Jessica
  1189 | D:2      | Noticed Natasha
  1193 | D:2      | Killed Natasha
  1194 | D:2      | Reached XP level 5. HP: 26/33 MP: 5/5
  1252 | D:2      | Noticed Natasha
  1259 | D:2      | Killed Natasha
  1336 | D:2      | Noticed Natasha
  1340 | D:2      | Killed Natasha
  1554 | D:3      | Found a transporter.
  1561 | D:3      | Found a transporter.
  1561 | D:3      | Noticed a kobold brigand
  1561 | D:3      | Noticed a small abomination
  1824 | D:3      | Noticed Terence
  1836 | D:3      | Slain by Terence

Illustrated notes

Levels and vault maps discovered:
D:1:      shiori_arrival_whats_in_store_for_you, layout_loops_ring,
          hellmonk_ecumenical_altar_prayer_group, minmay_misc_feat_rows,
          minmay_strange_pillars
D:2:      layout_rooms, uniq_natasha, uniq_jessica
D:3:      layout_loops_corners, gammafunk_ghost_abyssal_escape, uniq_terence

Skill      XL: |  1  2  3  4  5 |
---------------+----------------+-----
Maces & Flails | 3 |  3.8
Armour         | 4 |  4.2
Fighting       | 4 |  4.2
Shields        | 4 |  4.1

Action                   |  1- 3 |  4- 6 || total
-------------------------+-------+-------++-------
Melee: Flail             |   140 |    59 ||   199
  Use: Scroll            |     2 |       ||     2
       Potion            |       |     1 ||     1
Armor: Scale mail        |    67 |    32 ||    99
Dodge: Dodged            |    67 |    22 ||    89
Block: Buckler           |    35 |    10 ||    45

Table legend: (Time is in decaauts)
 A = Elapsed time spent in this place.
 B = Non-inter-level travel time spent in this place.
 C = Inter-level travel time spent in this place.
 D = Time resting spent in this place.
 E = Time spent auto-exploring this place.
 F = Levels seen in this place.
 G = Mean time per level.
                   A        B        C        D        E       F      G
               +--------+--------+--------+--------+--------+-----+--------+
         Total |   1893 |   1840 |     53 |      0 |   1401 |   3 |  631.0 |
       Dungeon |   1893 |   1840 |     53 |      0 |   1401 |   3 |  631.0 |
               +--------+--------+--------+--------+--------+-----+--------+

Top non-repeatable levels by time:
     D:1: 905 daAuts
     D:2: 596 daAuts
     D:3: 392 daAuts
